 Dungeon Crawl Stone Soup version 0.31-a0-889-g1a8549509d (webtiles) character file.

Game seed: 11105059882166012048

58 benadryl the Stinger (level 3, 0/30 HPs)
             Began as a Demigod Venom Mage on Oct 16, 2023.
             Slain by an iguana (10 damage)
             ... on level 4 of the Dungeon.
             The game lasted 00:04:18 (3058 turns).

benadryl the Stinger (Demigod Venom Mage)           Turns: 3058, Time: 00:04:18

Health: 0/30       AC:  4    Str:  9    XL:     3   Next: 51%
Magic:  8/9        EV: 12    Int: 27    God:
Gold:   173        SH:  0    Dex: 14    Spells: 5/6 levels left

rFire   . . .        h - +0 dagger
rCold   . . .        (no shield)
rNeg    . . .        a - +0 robe
rPois   .            (no helmet)
rElec   .            o - +0 cloak
rCorr   .            (no gloves)
SInv    .            u - +0 pair of boots
Will    .....        (no amulet)
Stlth   ++           e - ring of flight
HPRegen 0.25/turn    r - +6 ring of intelligence
MPRegen 0.11/turn

%: no passive effects
@: flying
A: high MP 1, forlorn, divine attributes
a: no special abilities


You were on level 4 of the Dungeon.
You visited 1 branch of the dungeon, and saw 4 of its levels.

You collected 173 gold pieces.

Inventory:

Hand Weapons
 h - a +0 dagger (weapon)
Armour
 a - a +0 robe (worn)
 o - a +0 cloak (worn)
 u - a +0 pair of boots (worn)
Jewellery
 c - a ring of fire
 e - a ring of flight (left hand)
 r - a +6 ring of intelligence (right hand)
Talismans
 s - a maw talisman
Scrolls
 d - 2 scrolls of identify {unknown}
 f - 2 scrolls of noise {unknown}
 l - 2 scrolls of teleportation {unknown}
 n - a scroll of immolation {unknown}
 q - a scroll of poison {unknown}
 t - a scroll of fear {unknown}
Potions
 b - a potion of magic
 g - a potion of haste {unknown}
 i - a potion of might {unknown}
 j - a potion of degeneration {unknown}
 k - 5 potions of curing {@q1}
 m - a potion of brilliance {unknown}
 p - a potion of cancellation {unknown}


   Skills:
 - Level 2.3 Fighting
 - Level 1.7 Dodging
 - Level 1.7 Stealth
 - Level 2.4 Spellcasting
 - Level 0.8 Transmutations
 * Level 2.8 Poison Magic


You had 5 spell levels left.
You knew the following spells:

 Your Spells              Type           Power      Damage    Failure   Level
a - Sting                 Tmut/Pois      52%        1d5       4%          1

Your spell library contained the following spells:

 Spells                   Type           Power      Damage    Failure   Level
 Poisonous Vapours        Pois/Air       20%        N/A       8%          2
 Mephitic Cloud           Conj/Pois/Air  8%         N/A       19%         3
 Olgreb's Toxic Radiance  Pois           18%        N/A       28%         4


Dungeon Overview and Level Annotations

Branches:
Dungeon (4/15)
 Temple: D:4-7


Innate Abilities, Weirdness & Mutations

You have an increased reservoir of magic. (+10% MP)
You shall have no god before yourself.
Your divine heritage dramatically boosts your attributes as you level up.


Message History

Aim: a dart slug (heavily wounded, poisoned, 100% to hit)
The sting hits the dart slug.
The dart slug looks even sicker.
The dart slug is almost dead.
You kill the dart slug!
Aiming: Sting (safe; 4% risk of failure)
Press: ? - help, Q - select action Shift-Dir - straight line, f - you
Okay, then.
Done exploring.
Done exploring.
Done exploring.
There is a stone staircase leading down here.
You fly downwards.
There is a stone staircase leading up here.
An iguana comes into view.
An orc comes into view. It is wielding a +0 short sword.
An orc wizard and 3 orcs come into view.
The orc shouts!
The orc wizard shouts!
The orc shouts!
The iguana hisses angrily.
Aiming: Sting (safe; 4% risk of failure)
Press: ? - help, Q - select action Shift-Dir - straight line, f - iguana
Aim: an iguana (75% to hit)
The sting hits the iguana.
The iguana is poisoned.
The iguana is lightly wounded.
The orc shouts!
The iguana barely misses you.
Okay, then.
The iguana looks more healthy.
The iguana attacks as it pursues you! The iguana bites you!
The iguana attacks as it pursues you! The iguana bites you.
The iguana attacks as it pursues you! The iguana barely misses you.
Aiming: Sting (safe; 4% risk of failure)
Press: ? - help, Q - select action Shift-Dir - straight line, f/p - iguana
Aim: an iguana (moderately wounded, 75% to hit)
The sting hits the iguana.
The iguana is poisoned.
The iguana is moderately wounded.
The iguana bites you! The iguana attacks as it pursues you!
The iguana bites you!
* * * LOW HITPOINT WARNING * * *
It was a potion of curing.
You feel better. The iguana bites you!
You die...

##...#..##
##.....o.#
#....o..##
#....#...#
#...###.o##
### #o..#
##o.##
##l..#
#.@.##
#..#####.<.#
..........##
..........#
.........##
#........#
#........#
#.....#..#
#....##..#


You could see an iguana (poisoned), an orc wizard and 4 orcs.

Vanquished Creatures
  A worm (D:3)
  2 dart slugs
  3 orcs (D:3)
  2 endoplasms
  A giant cockroach (D:1)
  7 hobgoblins
  6 kobolds
  4 quokkas
  8 ball pythons
  2 bats (D:3)
  4 goblins
  4 rats
44 creatures vanquished.

Notes
Turn   | Place    | Note
-------+----------+-------------------------------------------
     0 | D:1      | benadryl the Demigod Venom Mage began the quest for the
                  | Orb.
     0 | D:1      | Reached XP level 1. HP: 14/14 MP: 5/5
     2 | D:1      | Noticed a felid
     2 | D:1      | Noticed a gargoyle
     4 | D:1      | Noticed a troll
     4 | D:1      | Noticed an ogre
     6 | D:1      | Noticed a tengu
     6 | D:1      | Noticed a minotaur
     8 | D:1      | Noticed a demigod
     8 | D:1      | Noticed a vampire
    10 | D:1      | Noticed a spriggan
    12 | D:1      | Noticed an octopode
    12 | D:1      | Noticed a ghoul
    14 | D:1      | Noticed a demonspawn
    14 | D:1      | Noticed a vine stalker
    16 | D:1      | Noticed an armataur
    18 | D:1      | Noticed a formicid
    18 | D:1      | Noticed a merfolk
    20 | D:1      | Noticed a draconian
    20 | D:1      | Noticed a human
    22 | D:1      | Noticed a meteoran
    22 | D:1      | Noticed a naga
    24 | D:1      | Noticed an elf
    24 | D:1      | Noticed a naga
    26 | D:1      | Noticed a formicid
    26 | D:1      | Noticed an ogre
   245 | D:1      | Reached skill level 1 in Fighting
   510 | D:1      | Reached XP level 2. HP: 23/23 MP: 0/7
  2278 | D:3      | Reached XP level 3. HP: 29/29 MP: 7/9
  3058 | D:4      | Slain by an iguana

Illustrated notes

Levels and vault maps discovered:
D:1:      kb_arrival_jail, layout_basic, basic_ecumenical_altar,
          interstate_on_off
D:2:      layout_rooms, basic_altar
D:3:      layout_rooms, xom_butterflies, lemuel_round_altar, st_stairs_13
D:4:      layout_cave_pods, general_overflow_altar, serial_shops,
          nicolae_shop_rolling_square, minmay_stone_trees_small,
          kennysheep_generic_room_13

Skill      XL: |  1  2 |
---------------+-------+-----
Fighting       | 1 2 |  2.3
Spellcasting   | 2 |  2.4
Dodging        | |  1.7
Stealth        | |  1.7
Transmutations | |  0.8
Poison Magic   | |  2.8

Action                     || total
---------------------------++-------
  Melee: Dagger            ||     9
   Cast: Sting             ||    96
    Use: Scroll            ||     1
         Potion            ||     1
 Armour: Robe              ||    35
  Dodge: Dodged            ||    41

Table legend: (Time is in decaauts)
 A = Elapsed time spent in this place.
 B = Non-inter-level travel time spent in this place.
 C = Inter-level travel time spent in this place.
 D = Time resting spent in this place.
 E = Time spent auto-exploring this place.
 F = Levels seen in this place.
 G = Mean time per level.
                   A        B        C        D        E       F      G
               +--------+--------+--------+--------+--------+-----+--------+
         Total |   3055 |   3005 |     50 |   1118 |   1449 |   4 |  763.8 |
       Dungeon |   3055 |   3005 |     50 |   1118 |   1449 |   4 |  763.8 |
               +--------+--------+--------+--------+--------+-----+--------+

Top non-repeatable levels by time:
     D:1: 1096 daAuts
     D:3: 990 daAuts
     D:2: 927 daAuts
     D:4: 41 daAuts
